Workbook

Sheet Sheet1
A1: CSAID | B1: SQI - QUOTE_REF_NUM | C1: SQI - QUOTE_CREATED_DATE | D1: SQI - POP_DISTANCE_KM | E1: SQI - BW_KBPS | F1: CARRIER NAME | G1: Technology 2 | H1: SQI - EQ_MRC_COST | I1: SQI - EQ_NRC_COST | J1: Country Name | K1: Region | L1: SQI - ACCESS_ATTR_ID | M1: SQI - ACCESS_PROVIDER_NAME | N1: SQI - ACCESS_PROVIDER_UID | O1: SQI - ACCESS_TECH_ID | P1: SQI - ACCESS_TYPE | Q1: SQI - ACTION | R1: SQI - ADDRESS1 | S1: SQI - ADDRESS2 | T1: SQI - ADDRESS_ID | U1: SQI - BUDGETARY_FIRM | V1: SQI - BUSINESS_OPPORTUNITY | W1: SQI - CARR_CONTRACT_DURATION | X1: SQI - CARRIER_ID | Y1: SQI - CARRIER_ORDERING_DATE | Z1: SQI - CARRIER_QUOTE_REF | AA1: SQI - CENTER_CODE | AB1: SQI - CITY_ID | AC1: Offer name | AD1: vlookup | AE1: SQI - CONTRACT_DURATION | AF1: SQI - COUNTRY_CODE | AG1: SQI - COUNTRY_NAME | AH1: SQI - CSU_DSU_PRICE | AI1: SQI - CURRENCY_ISO_CODE | AJ1: SQI - CURRENCY_LOCAL_CODE | AK1: SQI - CUSTOMER_CARRIER_PREFFERED | AL1: SQI - CUSTOMER_NAME | AM1: SQI - CUSTOMER_TYPE | AN1: SQI - DOMAIN_ENTITY | AO1: SQI - EQ_TARIFF_CD | AP1: SQI - ESCALATION_DATE | AQ1: SQI - ESCALATION_DATE3 | AR1: SQI - ESCALATION_FLAG | AS1: SQI - ESCALATION_FLAG3 | AT1: SQI - EURO_EXC_RATE | AU1: SQI - EXPIRY_TERM_DATE | AV1: SQI - FEASIBILITY_REQUIRED | AW1: SQI - GOLD_ID | AX1: SQI - IDOS_COS_ID | AY1: SQI - INCLUDE_CSU_DSU | AZ1: SQI - IP_BANDWIDTH | BA1: SQI - LINE_ITEM_ID | BB1: SQI - LTQ1 | BC1: SQI - LTQ2 | BD1: SQI - LTQ3 | BE1: SQI - LTQ4 | BF1: SQI - LTQ5 | BG1: SQI - MASTER_QUOTE_ID | BH1: SQI - MBP_PERIMETER | BI1: SQI - MBP_PRICE | BJ1: SQI - MRC | BK1: SQI - MRC_LOCAL | BL1: SQI - MRC_MARGIN | BM1: SQI - NEED_TO_OPTIMIZE | BN1: SQI - NRC | BO1: SQI - NRC_LOCAL | BP1: SQI - NRC_MARGIN | BQ1: SQI - OPT_TO_SDB_DATE | BR1: SQI - ORDER_SOURCE_REF | BS1: SQI - PHONE | BT1: SQI - POP_ID | BU1: SQI - POP_LOCATION | BV1: SQI - PROJECT_ID | BW1: SQI - PROJECT_NAME | BX1: SQI - QUOTE_RECEIVED_DATE | BY1: SQI - QUOTE_REGION | BZ1: SQI - QUOTE_SOURCE | CA1: SQI - QUOTE_STATUS | CB1: SQI - QUOTE_TYPE | CC1: SQI - QUOTE_VALIDITY_DAYS | CD1: SQI - QUOTO_ID | CE1: SQI - QUOTO_SOURCE_REF | CF1: SQI - REF_ID | CG1: SQI - REMINDER_DATE_TIME | CH1: SQI - REMINDER_FLAG | CI1: SQI - REQUEST_TYPE | CJ1: SQI - REQUESTED_SERVICE | CK1: SQI - REQUESTER_EMAIL | CL1: SQI - REQUESTER_EMAIL_DOMAIN | CM1: SQI - REQUESTER_USER_GROUP_ID | CN1: SQI - REVIEW_REASON | CO1: SQI - SALES_REGION | CP1: SQI - SATIN_SOURCE_REF | CQ1: SQI - SERVICE | CR1: SQI - SERVICE_ID | CS1: SQI - SERVICE_NAME | CT1: SQI - SITA | CU1: SQI - SITE_LOC | CV1: SQI - SL_CLUSTER | CW1: SQI - SL_COUNTRY | CX1: SQI - SL_REGION | CY1: SQI - STATE_NAME | CZ1: SQI - USD_EXC_RATE | DA1: SQI - USER_ID | DB1: SQI - VC_FWDTO_CGPA | DC1: SQI - ZIP_CODE | DD1: Bw Desc | DE1: SQI - SESAM_ID | DF1: WEBAlc Extracted Date | DG1: -CIT - CITY_LATITUDE | DH1: -CIT - CITY_LONGITUDE | DI1: Circuit Speed - | DJ1: Circuit Speed -- | DK1: CITY - | DL1: WEBI-SQI - CITY_NAME | DM1: -CIT - CITY_ID | DN1: -CIT - CITY_NAME | DO1: -CITY - COUNTRY CODE | DP1: checked Magued | DQ1: COUNT | DR1: CUS - CUST_ID | DS1: CUS - CUSTOMER_CODE | DT1: CUSTOMER- | DU1: DOUBLON | DV1: MRC > 0 & NRC > 0 | DW1: QUOTE-KEY | DX1: Point
F2: EMBRATEL | J2: Brazil | L2: +50km | O2: LL | AA2: SAOT01 | AC2: PRIMELINK | CB2: Manual Quote | DJ2: 2000 | DK2: SAO PAULO | DX2: 600
F3: COMPULINE | J3: Brazil | L3: +50km | O3: LL | AA3: SAOT01 | AC3: CLEAR CHANNEL | CB3: Manual Quote | DJ3: 2000 | DK3: SAO PAULO | DX3: 500
F4: VIVAX | J4: Brazil | L4: +50km | O4: LL | AA4: SAOT01 | AC4: CLEAR CHANNEL SERVICES | CB4: Manual Quote | DJ4: 2000 | DK4: SAO PAULO | DX4: 800
F5: VIVAX | J5: Brazil | L5: +50km | O5: LL | AA5: SAOT01 | AC5: CLEAR CHANNEL SERVICES | CB5: MANUAL | DJ5: 2000 | DK5: SAO PAULO | DX5: 700
F6: LEVEL 3 | J6: Brazil | L6: +50km | O6: LL | AA6: SAOT01 | AC6: IPLC | CB6: Manual Quote | DJ6: 2000 | DK6: SAO PAULO | DX6: 300
F7: TELEFONICA | J7: Brazil | L7: +50km | O7: LL | AA7: SAOT01 | AC7: EILD | CB7: Manual Quote | DJ7: 2000 | DK7: SAO PAULO | DX7: 2000
F8: CTBC TELECOM | J8: Brazil | L8: +50km | O8: LL | AA8: SAOT01 | AC8: CLEAR CHANNEL SERVICE | CB8: Manual Quote | DJ8: 2000 | DK8: SAO PAULO | DX8: 300
F9: CTBC TELECOM | J9: Brazil | L9: +50km | O9: LL | AA9: SAOT01 | CB9: MANUAL | DJ9: 2000 | DK9: SAO PAULO | DX9: 300
F10: CTBC TELECOM | J10: Brazil | L10: +50km | O10: LL | AA10: SAOT01 | AC10: CLEAR CHANNEL SERVICE | CB10: MANUAL | DJ10: 2000 | DK10: SAO PAULO | DX10: 300
F11: LEVEL 3 | J11: Brazil | L11: +50km | O11: LL | AA11: SAOT01 | AC11: IPLC | CB11: Manual Quote | DJ11: 2000 | DK11: SAO PAULO | DX11: 300
F12: COMPULINE | J12: Brazil | L12: +50km | O12: LL | AA12: SAOT01 | AC12: CLEAR CHANNEL | CB12: Manual Quote | DJ12: 2000 | DK12: SAO PAULO | DX12: 400
F13: EMBRATEL | J13: Brazil | L13: +50km | O13: LL | AA13: SAOT01 | AC13: PRIMELINK | CB13: Manual Quote | DJ13: 2000 | DK13: SAO PAULO | DX13: 500
F14: TELEFONICA | J14: Brazil | L14: +50km | O14: LL | AA14: SAOT01 | AC14: EILD | CB14: Manual Quote | DJ14: 2000 | DK14: SAO PAULO | DX14: 900
F15: COMPULINE | J15: Brazil | L15: +50km | O15: LL | AA15: SAOT01 | AC15: CLEAR CHANNEL | CB15: post-sales | DJ15: 2000 | DK15: SAO PAULO | DX15: 400
F16: COMPULINE | J16: Brazil | L16: +50km | O16: LL | AA16: SAOT01 | AC16: CLEAR CHANNEL | CB16: Manual Quote | DJ16: 2000 | DK16: SAO PAULO | DX16: 400
F17: COMPULINE | J17: Brazil | L17: 11-20km | O17: LL | AA17: SAOT01 | AC17: CLEAR CHANNEL | CB17: Manual Quote | DJ17: 2000 | DK17: SAO PAULO | DX17: 400
F18: COMPULINE | J18: Brazil | L18: +50km | O18: LL | AA18: SAOT01 | AC18: CLEAR CHANNEL | CB18: Manual Quote | DJ18: 2000 | DK18: SAO PAULO | DX18: 400
F19: COMPULINE | J19: Brazil | L19: +50km | O19: LL | AA19: SAOT01 | AC19: CLEAR CHANNEL | CB19: Manual Quote | DJ19: 2000 | DK19: SAO PAULO | DX19: 400
F20: COMPULINE | J20: Brazil | L20: +50km | O20: LL | AA20: SAOT01 | AC20: CLEAR CHANNEL | CB20: Manual Quote | DJ20: 2000 | DK20: SAO PAULO | DX20: 400
F21: COMPULINE | J21: Brazil | L21: +50km | O21: LL | AA21: SAOT01 | AC21: CLEAR CHANNEL | CB21: MANUAL | DJ21: 2000 | DK21: SAO PAULO | DX21: 400
... F37: EMBRATEL | J37: Brazil | L37: 0-10km | O37: LL | AA37: SAOT01 | AC37: PRIMELINK | CB37: Manual Quote | DJ37: 2000 | DK37: SAO PAULO | DX37: 400

Sheet Sheet2
A1: Country | B1: City | C1: Tech | D1: Speed | E1: pop | F1: Carrier | G1: Carrier offer name | H1: source of quote info | I1: Distance | J1: count of quotes | K1: Points Min | L1: count repeatetion | M1: Min repeat. | N1: Points Average | O1: Points Mode | P1: count repeatetion | Q1: Mode repeat. | R1: Points Max | S1: count repeatetion | T1: Max repeat. | U1: % variance min - max | V1: % variance average - max | W1: % variance mode - max
A2: Brazil | B2: SAO PAULO | C2: LL | D2: 2000 | E2: SAOT01 | F2: COMPULINE | G2: CLEAR CHANNEL | H2: MANUAL | I2: +50km | J2: =COUNTIFS(Sheet1!$J$2:$J$7848,A2,Sheet1!$DK$2:$DK$7848,B2,Sheet1!$O$2:$O$7848,C2,Sheet1!$DJ$2:$DJ$7848,D2,Sheet1!$AA$2:$AA$7848,E2,Sheet1!$F$2:$F$7848,F2,Sheet1!$AC$2:$AC$7848,G2,Sheet1!$CB$2:$CB$7848,H2,Sheet1!$L$2:$L$7848,I2) -> 1 | K2: {=MIN(IF(COUNTIFS(A2,Sheet1!$J$2:$J$7848,B2,Sheet1!$DK$2:$DK$7848,C2,Sheet1!$O$2:$O$7848,D2,Sheet1!$DJ$2:$DJ$7848,E2,Sheet1!$AA$2:$AA$7848,F2,Sheet1!$F$2:$F$7848,G2,Sheet1!$AC$2:$AC$7848,H2,Sheet1!$CB$2:$CB$7848,I2,Sheet1!$L$2:$L$7848)>0,Sheet1!$DX$2:$DX$7848))} -> 400 | L2: {=COUNT(IF((Sheet1!$J$2:$J$7848=A2)*(Sheet1!$DK$2:$DK$7848=B2)*(Sheet1!$O$2:$O$7848=C2)*(Sheet1!$DJ$2:$DJ$7848=D2)*(Sheet1!$AA$2:$AA$7848=E2)*(Sheet1!$F$2:$F$7848=F2)*(Sheet1!$AC$2:$AC$7848=G2)*(Sheet1!$CB$2:$CB$7848=H2)*(Sheet1!$L$2:$L$7848=I2)*(Sheet1!$DX$2:$DX$7848=K2),Sheet1!$DX$2:$DX$7848))} -> 1 | M2: =IFERROR(L2/J2,"") -> 1 | N2: {=IFERROR(AVERAGE(IF((Sheet1!$J$2:$J$7848=A2)*(Sheet1!$DK$2:$DK$7848=B2)*(Sheet1!$O$2:$O$7848=C2)*(Sheet1!$DJ$2:$DJ$7848=D2)*(Sheet1!$AA$2:$AA$7848=E2)*(Sheet1!$F$2:$F$7848=F2)*(Sheet1!$CB$2:$CB$7848=H2)*(Sheet1!$AC$2:$AC$7848=G2)*(Sheet1!$L$2:$L$7848=I2),Sheet1!$DX$2:$DX$7848)),"")} -> 400 | O2: {=IFERROR(MODE(IF((Sheet1!$J$2:$J$7848=A2)*(Sheet1!$DK$2:$DK$7848=B2)*(Sheet1!$O$2:$O$7848=C2)*(Sheet1!$DJ$2:$DJ$7848=D2)*(Sheet1!$AA$2:$AA$7848=E2)*(Sheet1!$F$2:$F$7848=F2)*(Sheet1!$CB$2:$CB$7848=H2)*(Sheet1!$AC$2:$AC$7848=G2)*(Sheet1!$L$2:$L$7848=I2),Sheet1!$DX$2:$DX$7848)),"")} | P2: {=COUNT(IF((Sheet1!$J$2:$J$7848=A2)*(Sheet1!$DK$2:$DK$7848=B2)*(Sheet1!$O$2:$O$7848=C2)*(Sheet1!$DJ$2:$DJ$7848=D2)*(Sheet1!$AA$2:$AA$7848=E2)*(Sheet1!$F$2:$F$7848=F2)*(Sheet1!$AC$2:$AC$7848=G2)*(Sheet1!$CB$2:$CB$7848=H2)*(Sheet1!$L$2:$L$7848=I2)*(Sheet1!$DX$2:$DX$7848=O2),Sheet1!$DX$2:$DX$7848))} -> 0 | Q2: =IFERROR(P2/J2,"") -> 0 | R2: {=MAX(IF((Sheet1!$J$2:$J$7848=A2)*(Sheet1!$DK$2:$DK$7848=B2)*(Sheet1!$O$2:$O$7848=C2)*(Sheet1!$DJ$2:$DJ$7848=D2)*(Sheet1!$AA$2:$AA$7848=E2)*(Sheet1!$F$2:$F$7848=F2)*(Sheet1!$CB$2:$CB$7848=H2)*(Sheet1!$AC$2:$AC$7848=G2)*(Sheet1!$L$2:$L$7848=I2),Sheet1!$DX$2:$DX$7848))} -> 400 | S2: {=COUNT(IF((Sheet1!$J$2:$J$7848=A2)*(Sheet1!$DK$2:$DK$7848=B2)*(Sheet1!$O$2:$O$7848=C2)*(Sheet1!$DJ$2:$DJ$7848=D2)*(Sheet1!$AA$2:$AA$7848=E2)*(Sheet1!$F$2:$F$7848=F2)*(Sheet1!$AC$2:$AC$7848=G2)*(Sheet1!$CB$2:$CB$7848=H2)*(Sheet1!$L$2:$L$7848=I2)*(Sheet1!$DX$2:$DX$7848=R2),Sheet1!$DX$2:$DX$7848))} -> 1 | T2: =IFERROR(S2/J2,"") -> 1 | U2: =IFERROR((R2-K2)/K2,"") -> 0 | V2: =IFERROR((R2-N2)/N2,"") -> 0 | W2: =IFERROR((R2-O2)/O2,"")
A3: Brazil | B3: SAO PAULO | C3: LL | D3: 2000 | E3: SAOT01 | F3: COMPULINE | G3: CLEAR CHANNEL | H3: Manual Quote | I3: 0-10km | J3: =COUNTIFS(Sheet1!$J$2:$J$7848,A3,Sheet1!$DK$2:$DK$7848,B3,Sheet1!$O$2:$O$7848,C3,Sheet1!$DJ$2:$DJ$7848,D3,Sheet1!$AA$2:$AA$7848,E3,Sheet1!$F$2:$F$7848,F3,Sheet1!$AC$2:$AC$7848,G3,Sheet1!$CB$2:$CB$7848,H3,Sheet1!$L$2:$L$7848,I3) -> 2 | K3: {=MIN(IF(COUNTIFS(A3,Sheet1!$J$2:$J$7848,B3,Sheet1!$DK$2:$DK$7848,C3,Sheet1!$O$2:$O$7848,D3,Sheet1!$DJ$2:$DJ$7848,E3,Sheet1!$AA$2:$AA$7848,F3,Sheet1!$F$2:$F$7848,G3,Sheet1!$AC$2:$AC$7848,H3,Sheet1!$CB$2:$CB$7848,I3,Sheet1!$L$2:$L$7848)>0,Sheet1!$DX$2:$DX$7848))} -> 400 | L3: {=COUNT(IF((Sheet1!$J$2:$J$7848=A3)*(Sheet1!$DK$2:$DK$7848=B3)*(Sheet1!$O$2:$O$7848=C3)*(Sheet1!$DJ$2:$DJ$7848=D3)*(Sheet1!$AA$2:$AA$7848=E3)*(Sheet1!$F$2:$F$7848=F3)*(Sheet1!$AC$2:$AC$7848=G3)*(Sheet1!$CB$2:$CB$7848=H3)*(Sheet1!$L$2:$L$7848=I3)*(Sheet1!$DX$2:$DX$7848=K3),Sheet1!$DX$2:$DX$7848))} -> 2 | M3: =IFERROR(L3/J3,"") -> 1 | N3: {=IFERROR(AVERAGE(IF((Sheet1!$J$2:$J$7848=A3)*(Sheet1!$DK$2:$DK$7848=B3)*(Sheet1!$O$2:$O$7848=C3)*(Sheet1!$DJ$2:$DJ$7848=D3)*(Sheet1!$AA$2:$AA$7848=E3)*(Sheet1!$F$2:$F$7848=F3)*(Sheet1!$CB$2:$CB$7848=H3)*(Sheet1!$AC$2:$AC$7848=G3)*(Sheet1!$L$2:$L$7848=I3),Sheet1!$DX$2:$DX$7848)),"")} -> 400 | O3: {=IFERROR(MODE(IF((Sheet1!$J$2:$J$7848=A3)*(Sheet1!$DK$2:$DK$7848=B3)*(Sheet1!$O$2:$O$7848=C3)*(Sheet1!$DJ$2:$DJ$7848=D3)*(Sheet1!$AA$2:$AA$7848=E3)*(Sheet1!$F$2:$F$7848=F3)*(Sheet1!$CB$2:$CB$7848=H3)*(Sheet1!$AC$2:$AC$7848=G3)*(Sheet1!$L$2:$L$7848=I3),Sheet1!$DX$2:$DX$7848)),"")} -> 400 | P3: {=COUNT(IF((Sheet1!$J$2:$J$7848=A3)*(Sheet1!$DK$2:$DK$7848=B3)*(Sheet1!$O$2:$O$7848=C3)*(Sheet1!$DJ$2:$DJ$7848=D3)*(Sheet1!$AA$2:$AA$7848=E3)*(Sheet1!$F$2:$F$7848=F3)*(Sheet1!$AC$2:$AC$7848=G3)*(Sheet1!$CB$2:$CB$7848=H3)*(Sheet1!$L$2:$L$7848=I3)*(Sheet1!$DX$2:$DX$7848=O3),Sheet1!$DX$2:$DX$7848))} -> 2 | Q3: =IFERROR(P3/J3,"") -> 1 | R3: {=MAX(IF((Sheet1!$J$2:$J$7848=A3)*(Sheet1!$DK$2:$DK$7848=B3)*(Sheet1!$O$2:$O$7848=C3)*(Sheet1!$DJ$2:$DJ$7848=D3)*(Sheet1!$AA$2:$AA$7848=E3)*(Sheet1!$F$2:$F$7848=F3)*(Sheet1!$CB$2:$CB$7848=H3)*(Sheet1!$AC$2:$AC$7848=G3)*(Sheet1!$L$2:$L$7848=I3),Sheet1!$DX$2:$DX$7848))} -> 400 | S3: {=COUNT(IF((Sheet1!$J$2:$J$7848=A3)*(Sheet1!$DK$2:$DK$7848=B3)*(Sheet1!$O$2:$O$7848=C3)*(Sheet1!$DJ$2:$DJ$7848=D3)*(Sheet1!$AA$2:$AA$7848=E3)*(Sheet1!$F$2:$F$7848=F3)*(Sheet1!$AC$2:$AC$7848=G3)*(Sheet1!$CB$2:$CB$7848=H3)*(Sheet1!$L$2:$L$7848=I3)*(Sheet1!$DX$2:$DX$7848=R3),Sheet1!$DX$2:$DX$7848))} -> 2 | T3: =IFERROR(S3/J3,"") -> 1 | U3: =IFERROR((R3-K3)/K3,"") -> 0 | V3: =IFERROR((R3-N3)/N3,"") -> 0 | W3: =IFERROR((R3-O3)/O3,"") -> 0
A4: Brazil | B4: SAO PAULO | C4: LL | D4: 2000 | E4: SAOT01 | F4: COMPULINE | G4: CLEAR CHANNEL | H4: Manual Quote | I4: +50km | J4: =COUNTIFS(Sheet1!$J$2:$J$7848,A4,Sheet1!$DK$2:$DK$7848,B4,Sheet1!$O$2:$O$7848,C4,Sheet1!$DJ$2:$DJ$7848,D4,Sheet1!$AA$2:$AA$7848,E4,Sheet1!$F$2:$F$7848,F4,Sheet1!$AC$2:$AC$7848,G4,Sheet1!$CB$2:$CB$7848,H4,Sheet1!$L$2:$L$7848,I4) -> 6 | K4: {=MIN(IF(COUNTIFS(A4,Sheet1!$J$2:$J$7848,B4,Sheet1!$DK$2:$DK$7848,C4,Sheet1!$O$2:$O$7848,D4,Sheet1!$DJ$2:$DJ$7848,E4,Sheet1!$AA$2:$AA$7848,F4,Sheet1!$F$2:$F$7848,G4,Sheet1!$AC$2:$AC$7848,H4,Sheet1!$CB$2:$CB$7848,I4,Sheet1!$L$2:$L$7848)>0,Sheet1!$DX$2:$DX$7848))} -> 400 | L4: {=COUNT(IF((Sheet1!$J$2:$J$7848=A4)*(Sheet1!$DK$2:$DK$7848=B4)*(Sheet1!$O$2:$O$7848=C4)*(Sheet1!$DJ$2:$DJ$7848=D4)*(Sheet1!$AA$2:$AA$7848=E4)*(Sheet1!$F$2:$F$7848=F4)*(Sheet1!$AC$2:$AC$7848=G4)*(Sheet1!$CB$2:$CB$7848=H4)*(Sheet1!$L$2:$L$7848=I4)*(Sheet1!$DX$2:$DX$7848=K4),Sheet1!$DX$2:$DX$7848))} -> 5 | M4: =IFERROR(L4/J4,"") -> 0.83333333 | N4: {=IFERROR(AVERAGE(IF((Sheet1!$J$2:$J$7848=A4)*(Sheet1!$DK$2:$DK$7848=B4)*(Sheet1!$O$2:$O$7848=C4)*(Sheet1!$DJ$2:$DJ$7848=D4)*(Sheet1!$AA$2:$AA$7848=E4)*(Sheet1!$F$2:$F$7848=F4)*(Sheet1!$CB$2:$CB$7848=H4)*(Sheet1!$AC$2:$AC$7848=G4)*(Sheet1!$L$2:$L$7848=I4),Sheet1!$DX$2:$DX$7848)),"")} -> 416.66667 | O4: {=IFERROR(MODE(IF((Sheet1!$J$2:$J$7848=A4)*(Sheet1!$DK$2:$DK$7848=B4)*(Sheet1!$O$2:$O$7848=C4)*(Sheet1!$DJ$2:$DJ$7848=D4)*(Sheet1!$AA$2:$AA$7848=E4)*(Sheet1!$F$2:$F$7848=F4)*(Sheet1!$CB$2:$CB$7848=H4)*(Sheet1!$AC$2:$AC$7848=G4)*(Sheet1!$L$2:$L$7848=I4),Sheet1!$DX$2:$DX$7848)),"")} -> 400 | P4: {=COUNT(IF((Sheet1!$J$2:$J$7848=A4)*(Sheet1!$DK$2:$DK$7848=B4)*(Sheet1!$O$2:$O$7848=C4)*(Sheet1!$DJ$2:$DJ$7848=D4)*(Sheet1!$AA$2:$AA$7848=E4)*(Sheet1!$F$2:$F$7848=F4)*(Sheet1!$AC$2:$AC$7848=G4)*(Sheet1!$CB$2:$CB$7848=H4)*(Sheet1!$L$2:$L$7848=I4)*(Sheet1!$DX$2:$DX$7848=O4),Sheet1!$DX$2:$DX$7848))} -> 5 | Q4: =IFERROR(P4/J4,"") -> 0.83333333 | R4: {=MAX(IF((Sheet1!$J$2:$J$7848=A4)*(Sheet1!$DK$2:$DK$7848=B4)*(Sheet1!$O$2:$O$7848=C4)*(Sheet1!$DJ$2:$DJ$7848=D4)*(Sheet1!$AA$2:$AA$7848=E4)*(Sheet1!$F$2:$F$7848=F4)*(Sheet1!$CB$2:$CB$7848=H4)*(Sheet1!$AC$2:$AC$7848=G4)*(Sheet1!$L$2:$L$7848=I4),Sheet1!$DX$2:$DX$7848))} -> 500 | S4: {=COUNT(IF((Sheet1!$J$2:$J$7848=A4)*(Sheet1!$DK$2:$DK$7848=B4)*(Sheet1!$O$2:$O$7848=C4)*(Sheet1!$DJ$2:$DJ$7848=D4)*(Sheet1!$AA$2:$AA$7848=E4)*(Sheet1!$F$2:$F$7848=F4)*(Sheet1!$AC$2:$AC$7848=G4)*(Sheet1!$CB$2:$CB$7848=H4)*(Sheet1!$L$2:$L$7848=I4)*(Sheet1!$DX$2:$DX$7848=R4),Sheet1!$DX$2:$DX$7848))} -> 1 | T4: =IFERROR(S4/J4,"") -> 0.16666667 | U4: =IFERROR((R4-K4)/K4,"") -> 0.25 | V4: =IFERROR((R4-N4)/N4,"") -> 0.2 | W4: =IFERROR((R4-O4)/O4,"") -> 0.25
A5: Brazil | B5: SAO PAULO | C5: LL | D5: 2000 | E5: SAOT01 | F5: COMPULINE | G5: CLEAR CHANNEL | H5: Manual Quote | I5: 11-20km | J5: =COUNTIFS(Sheet1!$J$2:$J$7848,A5,Sheet1!$DK$2:$DK$7848,B5,Sheet1!$O$2:$O$7848,C5,Sheet1!$DJ$2:$DJ$7848,D5,Sheet1!$AA$2:$AA$7848,E5,Sheet1!$F$2:$F$7848,F5,Sheet1!$AC$2:$AC$7848,G5,Sheet1!$CB$2:$CB$7848,H5,Sheet1!$L$2:$L$7848,I5) -> 1 | K5: {=MIN(IF(COUNTIFS(A5,Sheet1!$J$2:$J$7848,B5,Sheet1!$DK$2:$DK$7848,C5,Sheet1!$O$2:$O$7848,D5,Sheet1!$DJ$2:$DJ$7848,E5,Sheet1!$AA$2:$AA$7848,F5,Sheet1!$F$2:$F$7848,G5,Sheet1!$AC$2:$AC$7848,H5,Sheet1!$CB$2:$CB$7848,I5,Sheet1!$L$2:$L$7848)>0,Sheet1!$DX$2:$DX$7848))} -> 400 | L5: {=COUNT(IF((Sheet1!$J$2:$J$7848=A5)*(Sheet1!$DK$2:$DK$7848=B5)*(Sheet1!$O$2:$O$7848=C5)*(Sheet1!$DJ$2:$DJ$7848=D5)*(Sheet1!$AA$2:$AA$7848=E5)*(Sheet1!$F$2:$F$7848=F5)*(Sheet1!$AC$2:$AC$7848=G5)*(Sheet1!$CB$2:$CB$7848=H5)*(Sheet1!$L$2:$L$7848=I5)*(Sheet1!$DX$2:$DX$7848=K5),Sheet1!$DX$2:$DX$7848))} -> 1 | M5: =IFERROR(L5/J5,"") -> 1 | N5: {=IFERROR(AVERAGE(IF((Sheet1!$J$2:$J$7848=A5)*(Sheet1!$DK$2:$DK$7848=B5)*(Sheet1!$O$2:$O$7848=C5)*(Sheet1!$DJ$2:$DJ$7848=D5)*(Sheet1!$AA$2:$AA$7848=E5)*(Sheet1!$F$2:$F$7848=F5)*(Sheet1!$CB$2:$CB$7848=H5)*(Sheet1!$AC$2:$AC$7848=G5)*(Sheet1!$L$2:$L$7848=I5),Sheet1!$DX$2:$DX$7848)),"")} -> 400 | O5: {=IFERROR(MODE(IF((Sheet1!$J$2:$J$7848=A5)*(Sheet1!$DK$2:$DK$7848=B5)*(Sheet1!$O$2:$O$7848=C5)*(Sheet1!$DJ$2:$DJ$7848=D5)*(Sheet1!$AA$2:$AA$7848=E5)*(Sheet1!$F$2:$F$7848=F5)*(Sheet1!$CB$2:$CB$7848=H5)*(Sheet1!$AC$2:$AC$7848=G5)*(Sheet1!$L$2:$L$7848=I5),Sheet1!$DX$2:$DX$7848)),"")} | P5: {=COUNT(IF((Sheet1!$J$2:$J$7848=A5)*(Sheet1!$DK$2:$DK$7848=B5)*(Sheet1!$O$2:$O$7848=C5)*(Sheet1!$DJ$2:$DJ$7848=D5)*(Sheet1!$AA$2:$AA$7848=E5)*(Sheet1!$F$2:$F$7848=F5)*(Sheet1!$AC$2:$AC$7848=G5)*(Sheet1!$CB$2:$CB$7848=H5)*(Sheet1!$L$2:$L$7848=I5)*(Sheet1!$DX$2:$DX$7848=O5),Sheet1!$DX$2:$DX$7848))} -> 0 | Q5: =IFERROR(P5/J5,"") -> 0 | R5: {=MAX(IF((Sheet1!$J$2:$J$7848=A5)*(Sheet1!$DK$2:$DK$7848=B5)*(Sheet1!$O$2:$O$7848=C5)*(Sheet1!$DJ$2:$DJ$7848=D5)*(Sheet1!$AA$2:$AA$7848=E5)*(Sheet1!$F$2:$F$7848=F5)*(Sheet1!$CB$2:$CB$7848=H5)*(Sheet1!$AC$2:$AC$7848=G5)*(Sheet1!$L$2:$L$7848=I5),Sheet1!$DX$2:$DX$7848))} -> 400 | S5: {=COUNT(IF((Sheet1!$J$2:$J$7848=A5)*(Sheet1!$DK$2:$DK$7848=B5)*(Sheet1!$O$2:$O$7848=C5)*(Sheet1!$DJ$2:$DJ$7848=D5)*(Sheet1!$AA$2:$AA$7848=E5)*(Sheet1!$F$2:$F$7848=F5)*(Sheet1!$AC$2:$AC$7848=G5)*(Sheet1!$CB$2:$CB$7848=H5)*(Sheet1!$L$2:$L$7848=I5)*(Sheet1!$DX$2:$DX$7848=R5),Sheet1!$DX$2:$DX$7848))} -> 1 | T5: =IFERROR(S5/J5,"") -> 1 | U5: =IFERROR((R5-K5)/K5,"") -> 0 | V5: =IFERROR((R5-N5)/N5,"") -> 0 | W5: =IFERROR((R5-O5)/O5,"")

Sheet Sheet3
